 Dungeon Crawl Stone Soup version 0.21-a0-440-g28109cb (webtiles) character file.

38 esteth the Chopper (level 3, -7/23 HPs)
             Began as a Gargoyle Monk on Nov 11, 2017.
             Mangled by an ogre
             ... wielding a +0 giant club
              (12 damage)
             ... on level 2 of the Dungeon.
             The game lasted 00:02:46 (1324 turns).

esteth the Chopper (Gargoyle Monk)                  Turns: 1324, Time: 00:02:47

Health: -7/23      AC:  7    Str: 15    XL:     3   Next: 43%
Magic:  3/3        EV: 12    Int: 10    God:
Gold:   48         SH:  0    Dex: 12    Spells: 2/2 levels left

rFire    . . .     SeeInvis .   a - +0 hand axe
rCold    . . .     Gourm    .   (no shield)
rNeg     + . .     Faith    .   o - +0 leather armour
rPois    ∞         Spirit   .   (no helmet)
rElec    +         Reflect  .   (no cloak)
rCorr    .         Harm     .   (no gloves)
MR       .....     Rnd*Tele +   l - +0 pair of boots
Stlth    ++........             (no amulet)
HPRegen  0.07/turn              n - +1 ring of slaying
MPRegen  0.08/turn              i - ring of teleportation (curse)

@: no status effects
A: negative energy resistance 1, electricity resistance, unbreathing,
petrification resistance, rot immunity, AC +3
a: no special abilities


You were on level 2 of the Dungeon.
You were hungry.

You visited 1 branch of the dungeon, and saw 2 of its levels.

You collected 48 gold pieces.

Inventory:

Hand Weapons
 a - a +0 hand axe (weapon)
Armour
 b - a +0 robe
 l - a +0 pair of boots (worn)
 o - a +0 leather armour (worn)
Jewellery
 f - an uncursed ring of protection from cold
 i - a cursed ring of teleportation (right hand)
 n - a +1 ring of slaying (left hand)
Scrolls
 d - 2 scrolls of identify
 j - a scroll of remove curse {unknown}
Potions
 e - a potion of magic {unknown}
 h - a potion of lignification {unknown}
 k - 2 potions of degeneration {unknown}
Comestibles
 c - 2 bread rations


   Skills:
 - Level 3.2 Fighting
 + Level 4.0 Axes
 - Level 2.4 Dodging
 - Level 2.1 Stealth


You had 2 spell levels left.
You didn't know any spells.

Dungeon Overview and Level Annotations

Branches:
Dungeon (2/15)

Altars:
Dithmenos


Innate Abilities, Weirdness & Mutations

You are resistant to torment.
Your stone body is resilient. (AC +3)
You are immune to poison.
You resist negative energy. (rN+)
You are resistant to electric shocks. (rElec)
You can survive without breathing.
You are immune to petrification.
You are immune to rotting.


Message History

You hit the ogre.
The ogre is heavily wounded.
You barely miss the worm. The ogre closely misses you. The worm misses you.
You barely miss the ogre.
The ogre is heavily wounded.
You hit the worm. You slash the ogre!
The ogre is almost dead.
You hit the worm but do no damage. The ogre hits you with a giant club.
* * * LOW HITPOINT WARNING * * *
The worm barely misses you.
You hit the ogre.
The ogre is almost dead.
You barely miss the worm. The ogre barely misses you.
The worm bites you but does no damage.
You hit the ogre.
The ogre is almost dead.
You hit the worm. The ogre hits you with a giant club!
Ouch! That really hurt!
You die...

### #.#########
#.........#
#####>.######.##
#.......w@O....#
#######.####.######..##
#.............. ......
#........###.######..####
#.........w.......#..# .
####.#.###...####.#..###..
#............'...........
#..#.#####...####†##..##..
#..#. #...#....†.......


You could see an ogre and a worm.

Vanquished Creatures
  A worm (D:2)
  5 bats
  A giant cockroach (D:2)
  6 goblins
  5 hobgoblins (D:1)
  4 jackals (D:1)
  6 frilled lizards
  3 kobolds
  A rat (D:1)
32 creatures vanquished.

Notes
Turn   | Place    | Note
-------+----------+-------------------------------------------
     0 | D:1      | esteth the Gargoyle Monk began the quest for the Orb.
     0 | D:1      | Reached XP level 1. HP: 14/14 MP: 1/1
    99 | D:1      | Reached skill level 3 in Axes
   112 | D:1      | Reached XP level 2. HP: 7/19 MP: 2/2
   867 | D:1      | Reached XP level 3. HP: 19/23 MP: 3/3
  1136 | D:2      | Found a shadowy altar of Dithmenos.
  1263 | D:2      | Reached skill level 4 in Axes
  1284 | D:2      | Noticed an ogre
  1324 | D:2      | Mangled by an ogre

Vault maps used:
D:1:      lightli_arrival_windingriver, serial_bayou_pond_a
D:2:      minmay_door_path, minmay_misc_feat_tower,
          grunt_dithmenos_smoke_and_mirrors

Skill      XL: |  1  2  3 |
---------------+----------+-----
Axes           | 3 4 |  4.0
Fighting       | |  3.2
Dodging        | |  2.4
Stealth        | |  2.1

Action                   || total
-------------------------++-------
Melee: Hand axe          ||   141
  Use: Scroll            ||     3
 Stab: Sleeping          ||     2
       Distracted        ||     1
  Eat: Chunk             ||     1
Armor: Robe              ||    53
       Leather armour    ||     8
Dodge: Dodged            ||    98

Table legend:
 A = Spawn XP
 B = Non-spawn XP
 C = Spawn XP percentage of total XP
 D = Spawn monster count
 E = Non-spawn monster count
 F = Spawn count percentage of total count
 G = Total turns spent on level
                    A         B        C        D         E        F      G
               +---------+---------+-------+---------+---------+-------+---------
         Total |       0 |      55 |   0.0 |       0 |      32 |   0.0 |  1324
               +---------+---------+-------+---------+---------+-------+---------
           D:1 |       0 |      43 |   0.0 |       0 |      26 |   0.0 |  1136
           D:2 |       0 |      12 |   0.0 |       0 |       6 |   0.0 |   188
               +---------+---------+-------+---------+---------+-------+---------
